 Dungeon Crawl Stone Soup version 0.28-a0-732-g75e6d9beac (webtiles) character file.

Game seed: 16080167194992151205

93 BlueGoblin the Skirmisher (level 4, 0/50 HPs)
             Began as an Ogre Fighter on Oct 29, 2021.
             Slain by a gnoll (13 damage)
             ... on level 3 of the Dungeon.
             The game lasted 00:02:39 (1881 turns).

BlueGoblin the Skirmisher (Ogre Fighter)            Turns: 1881, Time: 00:02:39

Health: 0/50       AC: 10    Str: 21    XL:     4   Next: 62%
Magic:  4/4        EV:  8    Int:  9    God:
Gold:   74         SH:  7    Dex:  8    Spells: 3/3 levels left

rFire   + . .      SeeInvis .   j - +1 trident (protect)
rCold   + . .      Faith    .   c - +0 kite shield
rNeg    . . .      Spirit   .   b - +0 robe
rPois   .          Reflect  .   (helmet restricted)
rElec   .          Harm     .   h - scarf {rC+ rF+}
rCorr   .          Rampage  .   (gloves unavailable)
Will    .....                   (boots unavailable)
Stlth   +.........              (no amulet)
HPRegen 0.16/turn               i - ring of flight
MPRegen 0.09/turn               (no ring)

@: under a protective aura, flying
A: large, unfitting armour, tough skin 1
a: no special abilities


You were on level 3 of the Dungeon.
You visited 1 branch of the dungeon, and saw 3 of its levels.

You collected 74 gold pieces.

Inventory:

Hand Weapons
 a - a +0 trident
 j - a +1 trident of protection (weapon)
Armour
 b - a +0 robe (worn)
 c - a +0 kite shield (worn)
 h - a scarf of resistance (worn)
Jewellery
 i - a ring of flight (left hand)
Potions
 d - a potion of might
 e - a potion of flight {unknown}
 f - a potion of lignification {unknown}
 g - a potion of degeneration {unknown}
 k - a potion of curing {unknown}
 l - a potion of brilliance {unknown}


   Skills:
 * Level 5.1 Fighting
 + Level 3.1 Polearms
 + Level 3.1 Dodging
 + Level 0.5 Stealth
 + Level 3.0 Shields


You had 3 spell levels left.
You didn't know any spells.
Your spell library was empty.

Dungeon Overview and Level Annotations

Branches:
Dungeon (3/15)

Altars:


Innate Abilities, Weirdness & Mutations

You are too large for most types of armour.
You have tough skin. (AC +1)


Message History

You block the gnoll's attack.
The gnoll shouts!
You hit the gnoll but do no damage.
The gnoll is almost dead.
You block the gnoll's attack.
The gnoll hits you from afar with a +0 halberd.
You puncture the gnoll!
You kill the gnoll!
The gnoll closely misses you. The gnoll barely misses you.
Your Polearms skill increases to level 3!
You hit the gnoll.
The gnoll is heavily wounded.
The gnoll closely misses you. You block the gnoll's attack.
An orc comes into view. It is wielding a +0 dagger.
You block the gnoll's attack.
The orc shouts!
You puncture the gnoll!
You kill the gnoll!
The gnoll hits you from afar with a +0 halberd.
You block the gnoll's attack.
The gnoll hits you from afar with a +0 halberd.
You barely miss the gnoll. The gnoll hits you with a +0 whip.
The gnoll hits you from afar with a +0 halberd!
You are too injured to fight recklessly!
You are too injured to fight recklessly!
You are too injured to fight recklessly!
You are too injured to fight recklessly!
You closely miss the gnoll.
The gnoll hits you from afar with a +0 halberd.
The gnoll hits you with a +0 whip.
* * * LOW HITPOINT WARNING * * *
You puncture the gnoll!
Your weapon exudes an aura of protection.
The gnoll is almost dead.
The gnoll barely misses you. x2; The gnoll hits you but does no damage.
You barely miss the gnoll.
The gnoll is almost dead.
The gnoll barely misses you.
The gnoll hits you from afar with a +0 halberd!
You die...

## #. #. .. #. #. #.####o #.
..$.. ###. #.)##### #..
#ogg@.####.# #.# #####....#.# #
#.. ####...## .##.. ##...# ###
..... ##...# #.> #...##
##########....# #.# #...###
#..........#..#######.#
#.....###........###......##...
##................###.#.........


You could see 2 gnolls and an orc.

Vanquished Creatures
  2 gnolls (D:3)
  2 adders (D:2)
  A worm (D:3)
  2 dart slugs
  5 ball pythons
  5 bats
  5 endoplasms (D:1)
  A giant cockroach (D:1)
  6 hobgoblins
  5 jackals
  2 kobolds (D:2)
  2 quokkas
  2 frilled lizards
  3 goblins
  5 rats
48 creatures vanquished.

Notes
Turn   | Place    | Note
-------+----------+-------------------------------------------
     0 | D:1      | BlueGoblin the Ogre Fighter began the quest for the Orb.
     0 | D:1      | Reached XP level 1. HP: 24/24 MP: 1/1
   315 | D:1      | Reached XP level 2. HP: 31/32 MP: 2/2
   491 | D:1      | Found a faded altar of an unknown god.
   667 | D:1      | Reached XP level 3. HP: 38/40 MP: 3/3
  1193 | D:2      | Reached XP level 4. HP: 49/49 MP: 4/4
  1435 | D:2      | Reached skill level 5 in Fighting
  1881 | D:3      | Slain by a gnoll

Illustrated notes

Levels and vault maps discovered:
D:1:      minmay_arrival_open_corners, layout_loops_ring,
          hellmonk_ecumenical_altar_dog_temple
D:2:      layout_basic
D:3:      layout_rooms, nrook_mini_backslash, skrybe_limestone_x, uniq_grinder,
          uniq_ijyb

Skill      XL: |  1  2  3  4 |
---------------+-------------+-----
Shields        | 3 |  3.0
Dodging        | 3 |  3.1
Fighting       | 5 |  5.1
Polearms       | 3 |  3.1
Stealth        | |  0.5

Action                   |  1- 3 |  4- 6 || total
-------------------------+-------+-------++-------
Melee: Trident           |   101 |    41 ||   142
  Use: Scroll            |       |     3 ||     3
 Stab: Sleeping          |     2 |     1 ||     3
Armor: Robe              |    21 |     7 ||    28
Dodge: Dodged            |    39 |    13 ||    52
Block: Kite shield       |    29 |    10 ||    39

Table legend: (Time is in decaauts)
 A = Elapsed time spent in this place.
 B = Non-inter-level travel time spent in this place.
 C = Inter-level travel time spent in this place.
 D = Time resting spent in this place.
 E = Time spent auto-exploring this place.
 F = Levels seen in this place.
 G = Mean time per level.
                   A        B        C        D        E       F      G
               +--------+--------+--------+--------+--------+-----+--------+
         Total |   1933 |   1850 |     83 |    223 |   1273 |   3 |  644.3 |
       Dungeon |   1933 |   1850 |     83 |    223 |   1273 |   3 |  644.3 |
               +--------+--------+--------+--------+--------+-----+--------+

Top non-repeatable levels by time:
     D:1: 969 daAuts
     D:2: 784 daAuts
     D:3: 179 daAuts
